Map: Port Aleksander LE

Players

MaSa - Winner!

  • Race: Terran Terran
  • League: Master
  • Spawn Location: 11:00

Cham

  • Race: Zerg Zerg
  • League: Master
  • Spawn Location: 5:00

Event: 2019 WCS Winter Americas

VOD

Have the link to the VOD?

Description

Time

  • Played on: April 6, 2019, 1:26 p.m.
  • Length: 10:52

All games in this series

Show
View Real Time Build Order
Export as new Build Order

MaSa Terran - Winner!

Build Orders: Command Center First (CC) 

Get SALT Encoding   

  12  0:00  SCV  
  13  0:12  SCV  
  14  0:18  Supply Depot  
  14  0:24  SCV  
  15  0:40  SCV  
  16  0:52  SCV  
  17  1:01  Command Center  
  17  1:04  SCV  
  18  1:15  Barracks  
  18  1:18  SCV  
  19  1:24  Refinery  
  19  1:30  SCV  
  20  1:33  Refinery  
  20  1:42  SCV  
  21  1:54  SCV  
  22  2:02  Bunker  
  22  2:03  Marine  
  22  2:06  Orbital Command  
  23  2:17  Orbital Command  
  23  2:24  Factory  
  23  2:27  Marine  
  24  2:33  SCV  
  25  2:42  SCV  
  26  2:45  SCV  
  27  2:54  SCV  
  27  2:57  SCV  
  29  3:01  Marine  
  29  3:06  SCV  
  29  3:07  Hellion  
  29  3:10  Starport  
  32  3:13  SCV  
  32  3:14  Starport  
  33  3:21  Bunker, Supply Depot  
  33  3:22  Marine  
  33  3:24  SCV  
  33  3:26  SCV  
  36  3:31  Hellion  
  38  3:42  Marine  
  38  3:43  SCV x2  
  38  3:45  Supply Depot  
  38  3:47  Starport Tech Lab  
  41  3:50  Starport Tech Lab  
  41  3:55  SCV  
  42  3:56  SCV  
  42  3:57  Refinery  
  43  4:07  SCV  
  43  4:08  SCV  
  45  4:10  Banshee x2  
  45  4:14  Hyperflight Rotors  
  51  4:19  SCV  
  51  4:20  Refinery  
  52  4:26  SCV  
  52  4:27  Supply Depot  
  52  4:28  Barracks Reactor  
  53  4:31  SCV  
  54  4:44  Command Center  
  54  4:49  SCV x2  
  56  4:53  Hellion, Supply Depot  
  56  4:56  Banshee  
  61  5:01  SCV  
  62  5:14  SCV x2, Banshee  
  62  5:19  Supply Depot  
  62  5:20  Supply Depot, Cloaking Field, Barracks Tech Lab  
  67  5:23  Hellion  
  67  5:26  SCV  
  67  5:28  Hellion  
  70  5:40  SCV, Banshee  
  70  5:41  SCV, Factory  
  75  5:43  Factory  
  75  5:49  Supply Depot  
  75  5:53  SCV  
  75  5:54  Hellion  
  78  5:57  Banshee  
  78  6:01  Orbital Command, Supply Depot  
  78  6:03  SCV  
  82  6:07  Armory  
  82  6:11  SCV  
  83  6:12  Armory  
  83  6:18  SCV  
  83  6:23  SCV, Banshee  
  85  6:29  Supply Depot  
  85  6:31  Orbital Command  
  86  6:35  SCV, Factory Tech Lab  
  83  6:40  Banshee  
  83  6:42  Hellion x2  
  90  6:47  SCV  
  90  6:49  Hellion  
  89  6:59  SCV  
  76  7:02  SCV  
  76  7:03  Hellion  
  76  7:05  SCV  
  76  7:06  Banshee  
  76  7:07  Hellion x2  
  82  7:11  SCV  
  82  7:13  Factory  
  82  7:14  SCV  
  84  7:17  SCV  
  84  7:18  Factory Tech Lab  
  84  7:19  Terran Vehicle Weapons Level 1  
  84  7:21  Terran Vehicle And Ship Armor Level 1  
  85  7:22  Banshee  
  85  7:27  SCV  
  85  7:28  SCV, Refinery  
  91  7:30  SCV  
  91  7:31  Hellion  
  91  7:35  Refinery  
  93  7:39  SCV  
  93  7:40  SCV  
  93  7:42  SCV  
  96  7:49  Banshee  
  99  7:53  Cyclone x2  
  99  7:54  SCV  
  106  7:59  SCV  
  106  8:04  SCV, Factory Tech Lab  
  106  8:05  Engineering Bay, Banshee  
  108  8:06  Supply Depot  
  108  8:08  SCV  
  106  8:13  Supply Depot  
  106  8:16  SCV  
  111  8:25  SCV, Cyclone  
  115  8:29  Widow Mine x2  
  115  8:31  Missile Turret, Banshee  
  115  8:32  Missile Turret  
  115  8:33  Cyclone  
  118  8:34  Missile Turret  
  118  8:37  SCV x2  
  117  8:42  Cyclone  
  117  8:45  SCV  
  119  8:49  SCV  
  119  8:51  SCV  
  119  8:54  Banshee  
  121  8:57  Cyclone  
  121  9:05  Cyclone, Factory  
  123  9:10  SCV  
  123  9:11  SCV  
  123  9:12  SCV  
  126  9:25  SCV  
  126  9:27  Missile Turret  
  126  9:28  SCV  
  126  9:29  SCV  
  129  9:35  Banshee  
  129  9:36  Cyclone x2  
  129  9:37  Widow Mine  
  129  9:38  SCV  
  141  9:43  Supply Depot  
  141  9:44  Supply Depot  
  141  9:50  Factory Reactor, Supply Depot  
  141  9:52  SCV  
  141  10:04  SCV x2, Cyclone, Banshee  
  149  10:08  Cyclone  
  149  10:09  Hellion  
  154  10:16  Command Center  
  154  10:20  Hellion  
Show
View Real Time Build Order
Export as new Build Order

Cham Zerg 

Build Orders: Hatch First 

Get SALT Encoding   

  12  0:00  Drone  
  13  0:09  Drone  
  14  0:17  Overlord  
  14  0:35  Drone  
  14  0:36  Drone  
  16  0:48  Hatchery  
  15  0:53  Drone  
  15  0:56  Drone  
  17  1:10  Spawning Pool  
  16  1:13  Drone  
  18  1:18  Drone  
  18  1:21  Extractor  
  18  1:22  Drone  
  18  1:32  Drone  
  19  1:58  Queen  
  19  2:00  Queen  
  23  2:01  Zergling x2  
  23  2:02  Zergling x2  
  25  2:09  Drone x2  
  27  2:17  Drone  
  28  2:24  Metabolic Boost  
  28  2:25  Overlord  
  28  2:38  Hatchery  
  28  2:43  Drone  
  28  2:45  Drone  
  28  2:50  Drone x2  
  31  2:55  Overlord  
  31  3:08  Overlord  
  31  3:13  Overlord, Queen  
  31  3:15  Drone  
  31  3:17  Drone  
  35  3:21  Drone  
  35  3:25  Overlord  
  36  3:30  Drone x2  
  36  3:31  Drone x2  
  36  3:33  Drone  
  41  3:38  Drone  
  42  3:41  Drone x2  
  42  3:42  Drone  
  42  3:44  Drone  
  46  3:49  Roach Warren  
  45  3:55  Queen  
  46  4:04  Extractor x2  
  46  4:07  Zergling x8  
  46  4:09  Drone x3  
  50  4:13  Overlord  
  50  4:18  Drone x2  
  50  4:23  Overlord x2  
  52  4:28  Drone  
  52  4:31  Roach x2  
  57  4:34  Roach  
  57  4:36  Roach  
  61  4:39  Roach  
  61  4:44  Roach x2  
  67  4:46  Roach  
  67  4:49  Roach  
  67  4:51  Roach  
  72  4:55  Overlord  
  72  4:59  Roach  
  74  5:03  Roach x2  
  74  5:06  Overlord  
  77  5:08  Zergling x4  
  77  5:11  Zergling x2  
  77  5:12  Zergling x2  
  81  5:18  Zergling x2  
  81  5:20  Zergling x2  
  81  5:21  Zergling x2  
  84  5:23  Ravager x3  
  84  5:24  Zergling x6  
  84  5:26  Zergling x2  
  84  5:27  Zergling x2  
  88  5:40  Lair  
  86  5:43  Drone x6  
  86  5:44  Drone  
  93  5:50  Spore Crawler  
  93  5:52  Spore Crawler  
  93  5:57  Spore Crawler  
  88  5:58  Drone x3  
  91  6:08  Drone  
  90  6:13  Drone  
  90  6:14  Drone x2  
  90  6:15  Drone x3  
  90  6:17  Overlord, Drone x2  
  98  6:23  Spore Crawler  
  97  6:26  Queen  
  97  6:27  Spore Crawler  
  97  6:30  Drone  
  95  6:35  Drone x2  
  95  6:39  Drone  
  95  6:42  Drone x2, Spire  
  95  6:44  Extractor  
  93  6:48  Drone  
  91  6:57  Drone x3  
  83  7:03  Drone x2  
  83  7:04  Drone x8  
  78  7:11  Spore Crawler x2  
  75  7:15  Extractor, Queen  
  75  7:17  Extractor  
  75  7:19  Drone  
  75  7:20  Overlord  
  77  7:22  Drone  
  77  7:24  Glial Reconstitution  
  77  7:25  Roach x3  
  77  7:26  Roach, Overlord  
  85  7:31  Overlord  
  80  7:43  Spore Crawler  
  75  7:51  Queen  
  75  7:55  Mutalisk x4  
  75  7:56  Mutalisk x2  
  75  7:57  Overseer  
  86  7:59  Drone  
  86  8:00  Drone x2  
  86  8:10  Overseer  
  86  8:12  Hatchery, Drone x3  
  84  8:16  Drone  
  85  8:20  Mutalisk x2  
  85  8:26  Mutalisk  
  92  8:34  Roach x3  
  92  8:39  Roach x2  
  98  8:42  Roach  
  98  8:46  Roach x2  
  104  8:57  Roach x2  
  104  9:02  Overlord  
  106  9:12  Roach x2  
  108  9:20  Overlord  
  108  9:22  Roach  
  110  9:26  Roach  
  110  9:30  Roach  
  114  9:33  Hatchery  
  114  9:34  Roach  
  113  9:40  Roach x2  
  113  9:44  Queen  
  119  9:45  Queen  
  119  9:46  Evolution Chamber  
  119  9:47  Evolution Chamber  
  119  9:48  Drone x2  
  119  9:49  Queen  
  123  9:54  Roach x2  
  123  9:55  Roach  
  123  10:02  Roach x3  
  123  10:03  Roach  
  123  10:05  Ravager x3  
  130  10:08  Overlord  
  130  10:10  Overlord x2  
  130  10:18  Overlord  
Tags
 
Add a new tag
Caveats
  • Supply blocks, unpowered buildings, or Contaminate may cause inaccurate times.
  • Supply counts are checked every 10 seconds.